AoeStats
← Bouillachaqua

Arabia

510625724Analyzed
1v1 RM · 1d ago on Oct 1, 2026· 35m 4s· 2 players
Game mode
Random Map
Map size
Tiny (2 player)
Population
200
Speed
Normal
Resources
Standard
Victory
Conquest
Starting age
Dark Age
Ending age
Imperial Age
RankedLock teamsTeams togetherTeam positionsShared explorationLock speedFull tech treeHidden civsTurbo modeCheats
Victory
Defeat
🇨🇭 Vietnamese · Switzerland
1593
+14
🇩🇪 Khmer · Germany
1559
-14
Ned Stark's Bastard
7:19 Loom
9:28 Feudal Age
10:15 Double-Bit Axe
10:26 Horse Collar
18:10 Forging
19:56 Scale Barding Armor
25:25 Castle Age
24:20 Bloodlines
24:39 Gold Mining
26:24 Husbandry
27:01 Iron Casting
26:50 Bow Saw
28:45 Chain Barding Armor
33:14 Gold Shaft Mining
34:41 Wheelbarrow
Bouillachaqua
6:28 Loom
9:10 Feudal Age
10:07 Double-Bit Axe
10:10 Horse Collar
16:09 Forging
21:40 Wheelbarrow
23:51 Castle Age
24:49 Bow Saw
24:41 Heavy Plow
26:34 Hand Cart
26:35 Fletching
27:33 Bodkin Arrow
28:19 Padded Archer Armor
28:56 Husbandry
29:06 Bloodlines
29:58 Ballistics
30:36 Thumb Ring
Connection lost

Rejoining the realm…

Still unreachable

The connection could not be restored.

Session expired

The server has moved on; the page needs a fresh start.